[Event "Titled Tuesday Blitz October 11 Late 2022"]
[White "Aarav Dengla"]
[Black "Bortnyk, Olexandr"]
[WhiteFideId "45059756"]
[BlackFideId "14120828"]
[WhiteElo "2257"]
[BlackElo "2723"]
[Result "0-1"]
[Round "06"]
[TimeControl "180+1"]
[Date "2022.10.11"]
[WhiteClock "0:00:18"]
[BlackClock "0:00:33"]

1. e4 f5 2. exf5 Nf6 3. d4 d5 4. Bd3 e6 5. fxe6 Bxe6 6. Nf3 Bd6 7. h3 O-O 8. O-O Ne4 9. c4 Bxh3 10. c5 Qd7 11. Ne1 Be7 12. gxh3 Qxh3 13. Bxe4 dxe4 14. Qb3+ Qxb3 15. axb3 Nc6 16. Be3 Rad8 17. Nc2 Rf6 18. Re1 Rg6+ 19. Kf1 Bh4 20. Nc3 Rg4 21. Ke2 Bf6 22. Rg1 Rxg1 23. Rxg1 Bxd4 24. Bxd4 Nxd4+ 25. Nxd4 Rxd4 26. Rg4 Rb4 27. Kd2 e3+ 28. Kxe3 Rxg4 29. Nb5 Rb4 30. Nxc7 Rxb3+ 31. Kd4 Rxb2 32. Ne8 h5 33. Nd6 h4 34. f4 h3 35. Nf5 h2 36. Ng3 Rb1 0-1


[Site "https://www.chess.com"]

[Event "Titled Tuesday Blitz October 11 Late 2022"]
[White "Aghasiyev, Kamal"]
[Black "Sohal, Tanraj"]
[WhiteFideId "13402854"]
[BlackFideId "2608499"]
[WhiteElo "2341"]
[BlackElo "2200"]
[Result "0-1"]
[Round "06"]
[TimeControl "180+1"]
[Date "2022.10.12"]
[WhiteClock "0:00:09"]
[BlackClock "0:01:53"]

1. d4 d5 2. c4 e6 3. Nc3 Nf6 4. cxd5 exd5 5. Bg5 Be7 6. Qc2 O-O 7. e3 c6 8. Bd3 g6 9. Nf3 Nbd7 10. h3 Re8 11. Bf4 Nf8 12. O-O Ne6 13. Bh2 Ng7 14. Rab1 Bf5 15. b4 b5 16. Ne5 Rc8 17. Ne2 Bxd3 18. Qxd3 Nd7 19. Rfc1 Nxe5 20. Bxe5 Nf5 21. Rc2 Nd6 22. Bxd6 Bxd6 23. Rbc1 Qd7 24. a3 a6 25. Rc3 Bb8 26. Qc2 Re6 27. Qd1 h5 28. R1c2 Rf6 29. f4 Qe7 30. Nc1 Re6 31. Re2 Re8 32. Qd2 Qf6 33. Nd3 Rxe3 34. Rxe3 Qxd4 35. Kf2 Bxf4 0-1


[Site "https://www.chess.com"]

[Event "Titled Tuesday Blitz October 11 Late 2022"]
[White "Aguilar, Juan"]
[Black "Sargsyan, Anna M."]
[WhiteFideId "3800091"]
[BlackFideId "13308130"]
[WhiteElo "2393"]
[BlackElo "2284"]
[Result "0-1"]
[Round "06"]
[TimeControl "180+1"]
[Date "2022.10.12"]
[WhiteClock "0:00:08"]
[BlackClock "0:00:50"]

1. d4 d5 2. c4 c6 3. Nf3 Nf6 4. Qc2 e6 5. g3 Nbd7 6. Bg2 Be7 7. O-O O-O 8. Nbd2 Re8 9. Rd1 b6 10. e4 dxe4 11. Nxe4 Bb7 12. Nxf6+ Nxf6 13. c5 Nd5 14. Bd2 a5 15. Ne5 b5 16. Be4 g6 17. Bg2 Bf6 18. Re1 Qc7 19. Rad1 Rad8 20. h4 h5 21. Bxd5 Rxd5 22. Bf4 Qd8 23. Nxg6 Bxd4 24. Rxd4 Rxd4 25. Be5 Rd2 26. Qe4 Qd3 27. Qxd3 Rxd3 28. Nf4 Rd2 29. Nxh5 Red8 30. Nf6+ Kf8 31. Ne4 Rc2 32. h5 Rd5 33. f4 f5 34. Nd6 Ba6 35. Bc3 b4 36. Rxe6 bxc3 37. Re8+ Kg7 38. Re7+ Kh6 0-1


[Site "https://www.chess.com"]

[Event "Titled Tuesday Blitz October 11 Late 2022"]
[White "Aldokhin, Ivan"]
[Black "Petrovic, Aleksa"]
[WhiteFideId "24115720"]
[BlackFideId "967629"]
[WhiteElo "2313"]
[BlackElo "2242"]
[Result "1-0"]
[Round "06"]
[TimeControl "180+1"]
[Date "2022.10.12"]
[WhiteClock "0:00:05"]
[BlackClock "0:00:03"]

1. e4 e6 2. d4 d5 3. Nc3 Bb4 4. Ne2 dxe4 5. a3 Be7 6. Nxe4 Nc6 7. Be3 Nf6 8. Nxf6+ Bxf6 9. Qd2 Ne7 10. O-O-O Nd5 11. Ng3 Nxe3 12. Qxe3 Bg5 13. f4 Bh6 14. Ne4 Bd7 15. g4 g6 16. g5 Bg7 17. d5 Qe7 18. d6 Qd8 19. dxc7 Qxc7 20. Nd6+ Ke7 21. f5 f6 22. Bb5 e5 23. Bxd7 Qxd7 24. Qc5 b6 25. Nc8+ Ke8 26. Rxd7 bxc5 27. Rc7 Kd8 28. Rxg7 Rxc8 29. Rd1+ Ke8 30. gxf6 gxf5 31. Rdd7 f4 32. Kd2 h5 33. Kd3 Rc6 34. Rge7+ 1-0


[Site "https://www.chess.com"]

[Event "Titled Tuesday Blitz October 11 Late 2022"]
[White "Ambartsumova, Karina"]
[Black "Bogaudinov, Rushan"]
[WhiteFideId "4166299"]
[BlackFideId "4129288"]
[WhiteElo "2299"]
[BlackElo "1945"]
[Result "1/2-1/2"]
[Round "06"]
[TimeControl "180+1"]
[Date "2022.10.12"]
[WhiteClock "0:00:11"]
[BlackClock "0:00:26"]

1. Nf3 Nf6 2. d4 d5 3. c4 dxc4 4. e3 e6 5. Bxc4 c5 6. O-O Be7 7. Qe2 a6 8. Rd1 Qc7 9. a4 O-O 10. Nc3 Nc6 11. h3 b6 12. d5 exd5 13. Nxd5 Nxd5 14. Bxd5 Bb7 15. e4 Rad8 16. Bg5 Bxg5 17. Nxg5 h6 18. Nf3 Nb4 19. Bxb7 Qxb7 20. Qc4 Rxd1+ 21. Rxd1 Re8 22. e5 Qc7 23. Rd6 b5 24. axb5 axb5 25. Qxb5 Rxe5 26. Nxe5 Qxd6 27. Qe8+ Kh7 28. Qh8+ Kxh8 29. Nxf7+ Kg8 30. Nxd6 Nd3 31. Nc4 Kf7 32. Kf1 Ke6 33. Ke2 Nf4+ 34. Kf3 g5 35. h4 Kd5 36. Ne3+ Kd4 37. hxg5 hxg5 38. Kg4 Nd3 39. Nd1 Ne1 40. g3 Kd3 41. f4 gxf4 42. gxf4 Kc2 43. f5 Nd3 44. f6 Ne5+ 45. Kf5 Nf7 46. Ne3+ Kxb2 47. Nc4+ Kb3 48. Kg6 Nd8 49. Na5+ Kb4 50. Nb7 Ne6 51. Nd6 c4 52. Nxc4 Kxc4 53. Kf7 Kd5 54. Ke7 Ke5 55. f7 Kf5 56. Kd7 Kf6 57. Ke8 Kg7 58. Ke7 Nf8 59. Ke8 Ng6 60. f8=Q+ Nxf8 1/2-1/2


[Site "https://www.chess.com"]

[Event "Titled Tuesday Blitz October 11 Late 2022"]
[White "Ardila, Oscar Humberto"]
[Black "Vega Gutierrez, Sabrina"]
[WhiteFideId "4404742"]
[BlackFideId "2219026"]
[WhiteElo "1898"]
[BlackElo "2261"]
[Result "0-1"]
[Round "06"]
[TimeControl "180+1"]
[Date "2022.10.12"]
[WhiteClock "0:00:14"]
[BlackClock "0:00:49"]

1. d4 d5 2. c4 e6 3. Nc3 c6 4. Nf3 dxc4 5. a4 Bb4 6. e3 b5 7. Bd2 a5 8. axb5 Bxc3 9. bxc3 cxb5 10. Ne5 Nf6 11. Qf3 Qd5 12. Qg3 O-O 13. Be2 Ne4 14. Bf3 Bb7 15. Qh4 f6 16. Ng4 Nd7 17. O-O f5 18. Bxe4 Qxe4 19. f3 Qd3 20. Nh6+ gxh6 21. Rad1 Rf7 22. Qxh6 Rf6 23. Qg5+ Kh8 24. Qg3 f4 25. exf4 Rg8 26. Qh3 Rfg6 27. g4 Rxg4+ 28. fxg4 Qxh3 0-1


[Site "https://www.chess.com"]

[Event "Titled Tuesday Blitz October 11 Late 2022"]
[White "Aung Thant Zin"]
[Black "Zaloznyy, Mike"]
[WhiteFideId "13000063"]
[BlackFideId "2023075"]
[WhiteElo "2278"]
[BlackElo "2126"]
[Result "0-1"]
[Round "06"]
[TimeControl "180+1"]
[Date "2022.10.12"]
[WhiteClock "0:00:42"]
[BlackClock "0:01:12"]

1. e4 d6 2. d4 Nf6 3. Nc3 e5 4. Nf3 Nbd7 5. Bc4 Be7 6. O-O c6 7. Bb3 Qc7 8. h3 h6 9. a3 g5 10. dxe5 dxe5 11. Ne1 Nf8 12. Be3 Ng6 13. Qe2 Rg8 14. f3 Nf4 15. Bxf4 gxf4 16. Kh2 Nh5 17. Qf2 Ng3 18. Rg1 Bh4 19. Qd2 Bd7 20. Rd1 O-O-O 21. Bxf7 Rg7 22. Bb3 Bxh3 23. Qxd8+ Bxd8 24. Rxd8+ Qxd8 25. gxh3 Qd2+ 26. Ng2 Qf2 27. Be6+ Kc7 28. Bg4 h5 29. Nd1 Qxc2 30. Bf5 Nf1+ 31. Kh1 Qxd1 0-1


[Site "https://www.chess.com"]

[Event "Titled Tuesday Blitz October 11 Late 2022"]
[White "Banzea, Alexandru-Bogdan"]
[Black "Jakubowski, Krzysztof"]
[WhiteFideId "1232622"]
[BlackFideId "1112848"]
[WhiteElo "2294"]
[BlackElo "2373"]
[Result "0-1"]
[Round "06"]
[TimeControl "180+1"]
[Date "2022.10.12"]
[WhiteClock "0:00:02"]
[BlackClock "0:00:42"]

1. d4 Nf6 2. Bf4 d6 3. Nf3 Nbd7 4. c3 g6 5. Nbd2 Bg7 6. e4 O-O 7. Be2 Nh5 8. Be3 e5 9. O-O h6 10. Re1 b6 11. a4 a5 12. Bb5 Bb7 13. Qc2 Qe7 14. Rad1 Ndf6 15. Bd3 Ng4 16. d5 Bc8 17. b4 Bd7 18. Ra1 Nxe3 19. fxe3 f5 20. bxa5 Rxa5 21. Nc4 Ra7 22. a5 b5 23. Ncd2 f4 24. c4 fxe3 25. Rxe3 bxc4 26. Nxc4 Nf4 27. Bf1 g5 28. Nfd2 g4 29. a6 h5 30. Rb3 Qf6 31. Rb7 Rxa6 32. Rc1 Nh3+ 33. gxh3 Bh6 34. Qd3 Qf2+ 35. Kh1 Bf4 0-1


[Site "https://www.chess.com"]

[Event "Titled Tuesday Blitz October 11 Late 2022"]
[White "Barash, Anton"]
[Black "Kanter, Eduard"]
[WhiteFideId "30935229"]
[BlackFideId "4103963"]
[WhiteElo "2291"]
[BlackElo "2267"]
[Result "0-1"]
[Round "06"]
[TimeControl "180+1"]
[Date "2022.10.12"]
[WhiteClock "0:00:06"]
[BlackClock "0:00:32"]

1. e4 c5 2. Nf3 d6 3. d4 cxd4 4. Nxd4 Nf6 5. Nc3 g6 6. Be3 Bg7 7. f3 O-O 8. Qd2 Nc6 9. g4 Bd7 10. O-O-O Ne5 11. h4 Rc8 12. Bh6 Bxh6 13. Qxh6 Rxc3 14. bxc3 Qa5 15. Kb2 Rc8 16. Qd2 Be6 17. Ra1 Bc4 18. Nb3 Qb6 19. Qd4 Nxf3 20. Qxb6 axb6 21. Bxc4 Rxc4 22. Raf1 Ne5 23. Rf4 Nfxg4 24. h5 g5 25. Rf5 h6 26. Nd4 Nf6 27. Re1 Nxh5 28. Kb3 Rc5 29. a4 Nf6 30. Rh1 Kg7 31. Re1 Kg6 32. Rf2 e6 33. Nb5 Rc6 34. Rd2 Nf3 0-1


[Site "https://www.chess.com"]

[Event "Titled Tuesday Blitz October 11 Late 2022"]
[White "Barria Zuniga, Daniel"]
[Black "Vivas Zamora, Fabian Ernesto"]
[WhiteFideId "3400816"]
[BlackFideId "3902480"]
[WhiteElo "2666"]
[BlackElo "2492"]
[Result "1-0"]
[Round "06"]
[TimeControl "180+1"]
[Date "2022.10.12"]
[WhiteClock "0:00:07"]
[BlackClock "0:00:07"]

1. d4 Nf6 2. c4 g6 3. Nc3 d5 4. Qa4+ Bd7 5. Qb3 dxc4 6. Qxc4 Be6 7. Qa4+ Bd7 8. Qb3 c5 9. d5 b5 10. Nxb5 Na6 11. e4 Nxe4 12. Qa4 Nb4 13. a3 Qb6 14. axb4 c4 15. Bxc4 Qxf2+ 16. Kd1 Rc8 17. Bd3 Qxg2 18. Be3 Bh6 19. Qxa7 Bxe3 20. Qxe3 Nf2+ 21. Qxf2 Qxf2 22. Ne2 Bg4 23. Nc3 Qf3 24. Kd2 Qf6 25. Raf1 Qg5+ 26. Ke1 O-O 27. Rhg1 Qh5 28. Nf4 Qh4+ 29. Kd2 Bd7 30. h3 Rfd8 31. Ne4 Kf8 32. d6 Bf5 33. dxe7+ Kxe7 34. Nc5 Kf8 35. Ke3 Bxd3 36. Nfxd3 Re8+ 37. Kd2 Qxh3 38. Rf2 Qe3+ 39. Kc3 Re4 40. Rgf1 Qd4+ 41. Kd2 Re7 42. Rf4 Qd5 43. R1f3 Rd8 44. Kc3 Qe6 45. Nxe6+ Rxe6 46. Rxf7+ Kg8 47. R7f6 Rc8+ 48. Kb3 Re7 49. Rd6 Rce8 50. Rf4 Kg7 51. Rfd4 h5 52. b5 Kh6 53. b6 Rb7 54. Rc6 Re3 55. Rdd6 Rg3 56. Kc4 h4 57. Ne5 h3 58. Rxg6+ Rxg6 59. Rxg6+ Kh5 60. Rg8 Rh7 61. Rg1 h2 62. Rh1 Kg5 63. Kc5 Kf4 64. Nc4 Kg3 65. Rxh2 Kxh2 66. Nd6 Kg3 67. Kc6 Kf4 68. b4 Ke5 69. b5 Rh6 70. b7 Rxd6+ 71. Kc7 Rd8 72. Kxd8 Kd5 73. b8=Q Kc5 74. Qb7 Kb4 75. Qc6 Ka5 76. b6 Kb4 77. Qc7 Ka3 78. b7 1-0


[Site "https://www.chess.com"]

[Event "Titled Tuesday Blitz October 11 Late 2022"]
[White "Bazeev, German"]
[Black "Krstic, Milos"]
[WhiteFideId "24119350"]
[BlackFideId "954888"]
[WhiteElo "2493"]
[BlackElo "2194"]
[Result "1-0"]
[Round "06"]
[TimeControl "180+1"]
[Date "2022.10.12"]
[WhiteClock "0:00:55"]
[BlackClock "0:00:42"]

1. d4 Nf6 2. c4 e6 3. Nf3 Bb4+ 4. Bd2 Qe7 5. g3 Nc6 6. Bg2 O-O 7. O-O Bxd2 8. Qxd2 d5 9. cxd5 exd5 10. Nc3 Be6 11. e3 h6 12. Rac1 a6 13. Ne1 Nd8 14. Nd3 c6 15. Ne5 Bf5 16. f3 Bh7 17. Rfe1 Ne6 18. Ne2 Rfd8 19. Nf4 Nd7 20. Ned3 Qd6 21. Qb4 Qxb4 22. Nxb4 Nxf4 23. gxf4 a5 24. Nc2 Bxc2 25. Rxc2 Ra6 26. Bf1 Rb6 27. Kf2 f5 28. Bd3 g6 29. h4 h5 30. b3 Kf7 31. Rc3 a4 32. bxa4 Ra8 33. Ra3 Rb2+ 34. Re2 Rb4 35. a5 Nb6 36. Rc2 Na4 37. Rb3 Rxb3 38. axb3 Rxa5 39. bxa4 Rxa4 40. Rb2 b5 41. Rc2 Ra6 42. Ke2 Ke6 43. Kd2 Kd6 44. Rc1 Ke6 45. Kc3 Ra3+ 46. Kd2 Ra2+ 47. Bc2 b4 48. Rb1 Kd6 49. Rxb4 Ra1 50. Rb1 1-0


[Site "https://www.chess.com"]

[Event "Titled Tuesday Blitz October 11 Late 2022"]
[White "Bilan, Danila"]
[Black "Gubajdullin, Alexei"]
[WhiteFideId "24161918"]
[BlackFideId "4141202"]
[WhiteElo "2203"]
[BlackElo "2200"]
[Result "1/2-1/2"]
[Round "06"]
[TimeControl "180+1"]
[Date "2022.10.12"]
[WhiteClock "0:00:08"]
[BlackClock "0:00:07"]

1. d4 Nf6 2. Nf3 g6 3. Bg5 Bg7 4. c3 O-O 5. Nbd2 d6 6. e4 Nc6 7. Qc2 e5 8. dxe5 Nxe5 9. Nxe5 dxe5 10. Bc4 h6 11. Be3 Qe7 12. h3 Nh5 13. O-O Qf6 14. Be2 Nf4 15. Bxf4 Qxf4 16. Nc4 h5 17. Ne3 Qg5 18. Kh1 f5 19. exf5 gxf5 20. f4 exf4 21. Nd5 Be5 22. Qc1 Be6 23. Nxf4 Bf7 24. Nxh5 f4 25. Nxf4 Bd6 26. Nh5 Qe5 27. Nf6+ Kg7 28. Ng4 Qh5 29. Rf5 Qh4 30. Rg5+ Kh8 31. Nf6 Bf4 32. Rg4 Qxg4 33. Nxg4 Bxc1 34. Rxc1 Bxa2 35. Bf3 c6 36. Ne5 Kg7 37. Kh2 Rae8 38. Nd3 Bd5 39. Bxd5 cxd5 40. Nb4 Re2 41. Nxd5 Rff2 42. Rg1 Rxb2 43. h4 a5 44. Ne3 Rfe2 45. Ng4 a4 46. h5 a3 47. h6+ Kg6 48. Rd1 Rxg2+ 49. Kh3 Rxg4 50. Kxg4 a2 51. Ra1 Kxh6 52. Kf4 Kg6 53. Ke4 Kf6 54. Kd4 Ke6 55. c4 Kd6 56. Kc3 Rh2 57. Kb3 Kc5 58. Rf1 Rh3+ 59. Kxa2 Kxc4 60. Kb2 Rh2+ 61. Kb1 Re2 62. Rc1+ Kb3 63. Rh1 b5 64. Rh3+ Ka4 65. Rh4+ b4 66. Rh3 Rf2 67. Rg3 b3 68. Rg8 Ka3 69. Ra8+ Kb4 70. Rb8+ Ka3 71. Ra8+ Kb4 72. Rb8+ Kc3 73. Rc8+ Kb4 74. Rb8+ 1/2-1/2


[Site "https://www.chess.com"]

[Event "Titled Tuesday Blitz October 11 Late 2022"]
[White "Bilych, Olexiy"]
[Black "Kamsky, Gata"]
[WhiteFideId "14156504"]
[BlackFideId "2000024"]
[WhiteElo "2320"]
[BlackElo "2666"]
[Result "0-1"]
[Round "06"]
[TimeControl "180+1"]
[Date "2022.10.11"]
[WhiteClock "0:00:55"]
[BlackClock "0:01:14"]

1. e4 c5 2. Nf3 e6 3. d4 cxd4 4. Nxd4 a6 5. c4 Qc7 6. Nc3 b6 7. a3 Bb7 8. Be2 Nf6 9. f3 d6 10. Be3 Nbd7 11. Rc1 Rc8 12. g4 h6 13. Kd2 Ne5 14. Kc2 Nxc4 15. Bxc4 Qxc4 16. Kb1 Qc7 17. Nd5 Qb8 18. Nxb6 Rxc1+ 19. Qxc1 Nxe4 20. Nc6 Qc7 21. Na5 Nc5 22. Nxb7 Qxb7 23. Nc4 Qxf3 24. Rf1 Qe4+ 25. Ka2 Be7 26. b4 Nd3 27. Qc2 Nxb4+ 0-1


[Site "https://www.chess.com"]

[Event "Titled Tuesday Blitz October 11 Late 2022"]
[White "Bluebaum, Matthias"]
[Black "Gajewski, Grzegorz"]
[WhiteFideId "24651516"]
[BlackFideId "1116207"]
[WhiteElo "2633"]
[BlackElo "2547"]
[Result "1-0"]
[Round "06"]
[TimeControl "180+1"]
[Date "2022.10.11"]
[WhiteClock "0:00:07"]
[BlackClock "0:00:03"]

1. d4 Nf6 2. c4 e6 3. Nc3 Bb4 4. e3 d5 5. Bd2 O-O 6. Nf3 Nbd7 7. Rc1 Be7 8. cxd5 exd5 9. Bd3 c6 10. O-O Bd6 11. h3 Re8 12. Qc2 Nf8 13. Rfe1 Ng6 14. Rb1 Bd7 15. a3 Qc8 16. Ng5 Qc7 17. e4 dxe4 18. Ncxe4 Nxe4 19. Nxe4 Bf4 20. Bc3 Rad8 21. g3 Bd6 22. Kg2 Be6 23. h4 Bd5 24. h5 Nf8 25. Kg1 h6 26. Re3 Ne6 27. Rbe1 Bf8 28. Qd1 f5 29. Nc5 Qf7 30. Nxe6 Rxe6 31. Rxe6 Bxe6 32. Qf3 Bd6 33. Bf1 Rf8 34. Bg2 f4 35. gxf4 Bxf4 36. Qe4 Bd5 37. Qg6 Bxg2 38. Qxf7+ Kxf7 39. Kxg2 Bd6 40. Kf3 Re8 41. Rxe8 Kxe8 42. d5 Kf7 43. dxc6 bxc6 44. Kg4 g6 45. Bd2 Bf8 46. Be3 a6 47. f3 Bg7 48. b3 Bf8 49. a4 Bg7 50. Bc5 Bf6 51. Bb6 Bg7 52. Ba5 Bf6 53. Bd2 Bg7 54. f4 1-0


[Site "https://www.chess.com"]

[Event "Titled Tuesday Blitz October 11 Late 2022"]
[White "Castella Garcia, Fausto"]
[Black "Domingo Nunez, Ruben"]
[WhiteFideId "3501922"]
[BlackFideId "22245570"]
[WhiteElo "2246"]
[BlackElo "2406"]
[Result "0-1"]
[Round "06"]
[TimeControl "180+1"]
[Date "2022.10.12"]
[WhiteClock "0:00:04"]
[BlackClock "0:00:05"]

1. e4 g6 2. d4 Bg7 3. Nc3 c6 4. Nf3 d5 5. Bf4 dxe4 6. Nxe4 Nf6 7. Nxf6+ exf6 8. Bc4 O-O 9. O-O a5 10. a4 Na6 11. c3 Nc7 12. h3 Nd5 13. Bg3 Be6 14. Bd3 Re8 15. Re1 f5 16. Be5 Bh6 17. c4 Nb4 18. Bf1 f4 19. Qd2 f6 20. Bxf4 Bxf4 21. Qxf4 Nc2 22. Rxe6 Rxe6 23. Rc1 Nb4 24. h4 Qd6 25. Qg4 Rae8 26. h5 Re4 27. Qh3 Qf4 28. hxg6 hxg6 29. Rc3 Kg7 30. g3 Qg4 31. Qg2 Qf5 32. Nh4 Qe6 33. d5 cxd5 34. cxd5 Qxd5 35. Bb5 R8e7 36. Kh2 Rd4 37. Nf3 Qh5+ 38. Qh3 Qxh3+ 39. Kxh3 Rd1 40. Kg2 g5 41. Nh2 Rd2 42. b3 Nd5 43. Rc5 Ne3+ 44. Kf3 Nd1 45. Ng4 Rf7 46. Bc4 f5 47. Ne5 Rxf2# 0-1


[Site "https://www.chess.com"]

[Event "Titled Tuesday Blitz October 11 Late 2022"]
[White "Czernek, Tymon"]
[Black "Mazurkiewicz, Michal"]
[WhiteFideId "1199510"]
[BlackFideId "1124943"]
[WhiteElo "2240"]
[BlackElo "2063"]
[Result "0-1"]
[Round "06"]
[TimeControl "180+1"]
[Date "2022.10.12"]
[WhiteClock "0:00:09"]
[BlackClock "0:00:09"]

1. e4 d6 2. d4 Nf6 3. Nc3 c6 4. f4 Qb6 5. Nf3 Bg4 6. Be2 Nbd7 7. a3 e5 8. fxe5 dxe5 9. Be3 O-O-O 10. O-O Bxf3 11. Rxf3 exd4 12. Bxd4 Bc5 13. Bxc5 Nxc5 14. Qf1 Ncxe4+ 15. Kh1 Nd2 16. Qc1 Nxf3 17. Bxf3 h5 18. a4 Ng4 19. h3 Nf2+ 20. Kh2 Qc7+ 21. Kg1 Qg3 22. Qe3 Nxh3+ 23. Kf1 Ng5 24. Ne2 Qh4 25. g3 Qh3+ 26. Bg2 Qf5+ 27. Nf4 Kb8 28. Kg1 h4 29. Nd3 h3 30. Rf1 Qe6 31. Qf4+ Qd6 32. Qxg5 hxg2 33. Kxg2 Qd5+ 34. Qxd5 Rxd5 35. Rxf7 g5 36. b4 a5 37. bxa5 Rxa5 38. Rg7 Re8 39. Kf3 Rf5+ 40. Kg4 Ra5 41. Rxg5 Rxa4+ 42. Kf3 Rc4 43. Rc5 Rxc5 44. Nxc5 Kc7 45. g4 b6 46. Ne4 c5 47. g5 Kc6 48. Nf6 Re6 49. Kf4 Re2 50. g6 Rf2+ 51. Kg5 Rg2+ 52. Ng4 Rd2 53. g7 Rd8 54. Kf6 b5 55. Kf7 c4 56. Nf6 b4 57. Ne8 Rd7+ 58. Kf8 Rxg7 59. Nxg7 b3 60. cxb3 cxb3 61. Nf5 b2 62. Nd4+ Kd5 63. Ne2 Kc4 0-1


[Site "https://www.chess.com"]

[Event "Titled Tuesday Blitz October 11 Late 2022"]
[White "D`Arruda, Ricardo D."]
[Black "Eisa Mohmood, Alkhoori"]
[WhiteFideId "100692"]
[BlackFideId "9316116"]
[WhiteElo "2451"]
[BlackElo "1245"]
[Result "0-1"]
[Round "06"]
[TimeControl "180+1"]
[Date "2022.10.12"]
[WhiteClock "0:02:19"]
[BlackClock "0:02:49"]

1. d4 Nf6 2. Nf3 g6 3. Nc3 Bg7 4. e4 d6 5. Bg5 O-O 6. Qd2 Nc6 7. d5 Ne5 8. Nxe5 dxe5 9. Bh6 Ne8 10. h4 Bxh6 11. Qxh6 f6 12. O-O-O Nd6 13. Be2 Bd7 14. f4 Nf7 0-1


[Site "https://www.chess.com"]

[Event "Titled Tuesday Blitz October 11 Late 2022"]
[White "Danielyan, Vahe"]
[Black "Rubio Tent, Francisco"]
[WhiteFideId "13304828"]
[BlackFideId "2238233"]
[WhiteElo "2421"]
[BlackElo "2211"]
[Result "1-0"]
[Round "06"]
[TimeControl "180+1"]
[Date "2022.10.12"]
[WhiteClock "0:01:55"]
[BlackClock "0:00:01"]

1. e4 c6 2. d3 d5 3. Nd2 g6 4. Ngf3 Bg7 5. h4 h6 6. h5 g5 7. Be2 Bg4 8. e5 Nd7 9. d4 c5 10. c3 e6 11. Qa4 Ne7 12. dxc5 Bxf3 13. Nxf3 Nc6 14. Be3 Qc7 15. Rd1 O-O 16. O-O Ncxe5 17. Nxe5 Bxe5 18. b4 Bxc3 19. Bd3 Bg7 20. Bb1 Nf6 21. Qc2 Rfd8 22. f4 Ne4 23. fxg5 hxg5 24. Qe2 Nc3 25. Qd3 Nxd1 26. Qh7+ Kf8 27. h6 Be5 28. Rxd1 f5 29. Qg6 Qf7 30. Qxg5 Bf6 31. Qg3 d4 32. Bf4 Ke7 33. Bd6+ Ke8 34. Bd3 a6 35. Re1 Kd7 36. Qf3 Kc8 37. Rxe6 Qxe6 38. Bxf5 Re8 39. Bxe6+ Rxe6 40. Qd5 Re1+ 41. Kf2 1-0


[Site "https://www.chess.com"]

[Event "Titled Tuesday Blitz October 11 Late 2022"]
[White "Dardha, Arben"]
[Black "Borawski, Jakub"]
[WhiteFideId "4700481"]
[BlackFideId "1143000"]
[WhiteElo "2196"]
[BlackElo "2122"]
[Result "1-0"]
[Round "06"]
[TimeControl "180+1"]
[Date "2022.10.12"]
[WhiteClock "0:02:20"]
[BlackClock "0:01:01"]

1. e4 e6 2. d4 d5 3. Nd2 c5 4. Ngf3 Nf6 5. exd5 exd5 6. Bb5+ Bd7 7. Qe2+ Be7 8. dxc5 O-O 9. O-O Bxc5 10. Nb3 Bb6 11. Bg5 h6 12. Bh4 g5 13. Bg3 Nc6 14. Rad1 a6 15. Bxc6 bxc6 16. Ne5 Rc8 17. Kh1 Bf5 18. f4 g4 19. Bh4 Qd6 20. c4 Rfe8 21. c5 Bxc5 22. Nxc5 Qxc5 23. Bxf6 h5 24. Qf2 Qd6 25. Qh4 Re6 26. Qg5+ Kf8 27. Qg7+ Ke8 28. Qxf7# 1-0


[Site "https://www.chess.com"]

[Event "Titled Tuesday Blitz October 11 Late 2022"]
[White "Diaz Rosas, Julio Cesar"]
[Black "Arnold, Ken"]
[WhiteFideId "5105099"]
[BlackFideId "2056836"]
[WhiteElo "2246"]
[BlackElo "2358"]
[Result "1-0"]
[Round "06"]
[TimeControl "180+1"]
[Date "2022.10.12"]
[WhiteClock "0:00:07"]
[BlackClock "0:00:04"]

1. e4 c6 2. d4 d5 3. exd5 cxd5 4. Bd3 Nf6 5. h3 Nc6 6. Nf3 g6 7. O-O Bg7 8. Re1 O-O 9. Nc3 a6 10. Bf4 b5 11. a3 Bb7 12. Qd2 Na5 13. Bh6 e6 14. Bxg7 Kxg7 15. Qf4 Rc8 16. Ne2 Qc7 17. Ne5 Nc4 18. b3 Nxe5 19. dxe5 Nd7 20. Nd4 Qc5 21. h4 h5 22. Re3 Qe7 23. Rg3 Nc5 24. Re1 Ne4 25. Bxe4 dxe4 26. Rg5 Rfd8 27. Ne2 Rxc2 28. Ng3 Rh8 29. Re3 Bd5 30. Nxe4 Bxe4 31. Qxe4 Rc1+ 32. Kh2 Qxa3 33. Rf3 Qe7 34. Rf6 Rh6 35. Rg3 Rc7 36. Rgf3 Rh8 37. Rg3 Rh6 38. Qd3 Rd7 39. Qe3 Rh7 40. Qg5 Kg8 41. Rgf3 Rg7 42. Qe3 Qd8 43. Qc3 Qc7 44. Qb2 Rd5 45. Re3 Qd7 46. Qa3 Rd2 47. Qxa6 Qd4 48. Qa8+ Kh7 49. Re4 Qb2 50. Kg3 Qxb3+ 51. Re3 Rd3 52. Rff3 Rxe3 53. Rxe3 Qc4 54. Qd8 Qg4+ 55. Kh2 b4 56. Qb6 Qxh4+ 57. Kg1 Qf4 58. Rd3 g5 59. Rd4 Qf5 60. Qxb4 g4 61. Qd2 Qxe5 62. Qd3+ Qf5 63. Qe3 Qg5 64. Qe4+ Qg6 65. Qe5 h4 66. Rf4 f5 67. Rd4 Rf7 68. Rd8 Qf6 69. Qb8 Qg7 70. Rc8 h3 71. Qg3 hxg2 72. Qh4+ Qh6 73. Rh8+ Kxh8 74. Qxh6+ Kg8 75. Qxe6 Kg7 76. Kxg2 f4 77. Qxg4+ Kf8 78. Kf3 Ke7 79. Qg5+ Ke6 80. Ke4 f3 81. Qd5+ Ke7 82. Ke5 Kf8 83. Qd6+ Kg7 84. Qe6 Rf8 85. Qe7+ Rf7 86. Qg5+ Kf8 87. Ke6 Ra7 88. Qc5+ 1-0


[Site "https://www.chess.com"]

[Event "Titled Tuesday Blitz October 11 Late 2022"]
[White "Dubov, Daniil"]
[Black "Duda, Jan-Krzysztof"]
[WhiteFideId "24126055"]
[BlackFideId "1170546"]
[WhiteElo "2791"]
[BlackElo "2779"]
[Result "0-1"]
[Round "06"]
[TimeControl "180+1"]
[Date "2022.10.11"]
[WhiteClock "0:00:01"]
[BlackClock "0:00:26"]

1. d4 Nf6 2. Nf3 d5 3. c4 e6 4. g3 Bb4+ 5. Nbd2 O-O 6. Bg2 b6 7. O-O Bb7 8. Ne5 Re8 9. Qc2 Qc8 10. Ndf3 Nbd7 11. Bf4 Nxe5 12. Bxe5 Be7 13. Rac1 c5 14. Ng5 h6 15. Bxf6 Bxf6 16. Qh7+ Kf8 17. Nf3 dxc4 18. Rxc4 Bd5 19. Rcc1 Qb7 20. dxc5 bxc5 21. Rxc5 Be4 22. Nh4 Bxh7 23. Bxb7 Rab8 24. Bc6 Red8 25. b3 Rd2 26. Ra5 Rxe2 27. Rxa7 Rc2 28. Bf3 Bd4 29. Rd7 Bc5 30. Bh5 g6 31. Bf3 g5 32. Ng2 Bg6 33. h4 Rxa2 34. hxg5 hxg5 35. Rc7 Bd4 36. Rc4 e5 0-1


[Site "https://www.chess.com"]

[Event "Titled Tuesday Blitz October 11 Late 2022"]
[White "Dzierzak, Radoslaw"]
[Black "Janaszak, Dawid"]
[WhiteFideId "1161407"]
[BlackFideId "1119206"]
[WhiteElo "2111"]
[BlackElo "2226"]
[Result "0-1"]
[Round "06"]
[TimeControl "180+1"]
[Date "2022.10.12"]
[WhiteClock "0:00:01"]
[BlackClock "0:00:35"]

1. e4 c5 2. Nf3 Nc6 3. d4 cxd4 4. Nxd4 g6 5. Nc3 Bg7 6. Nde2 Nf6 7. g3 b5 8. Bg2 Rb8 9. O-O O-O 10. h3 a5 11. Be3 Ba6 12. Re1 b4 13. Nd5 e6 14. Nxf6+ Qxf6 15. Rb1 Rfd8 16. Qd2 Qe7 17. Nd4 Ne5 18. b3 Bb7 19. f4 Nc6 20. Qf2 e5 21. Nb5 d6 22. Rbd1 Ba6 23. a4 bxa3 24. Nxa3 Nd4 25. Nb1 Rdc8 26. Rc1 Qc7 27. Nd2 Qc3 28. Nf3 Nxc2 0-1


[Site "https://www.chess.com"]

[Event "Titled Tuesday Blitz October 11 Late 2022"]
[White "Erdogdu, Mert"]
[Black "Bjelobrk, Igor"]
[WhiteFideId "6301495"]
[BlackFideId "4300726"]
[WhiteElo "2756"]
[BlackElo "2589"]
[Result "1-0"]
[Round "06"]
[TimeControl "180+1"]
[Date "2022.10.12"]
[WhiteClock "0:01:00"]
[BlackClock "0:00:04"]

1. e4 e5 2. Nf3 Nc6 3. Bc4 Bc5 4. d3 Nf6 5. O-O d6 6. c3 a5 7. a4 h6 8. Nbd2 O-O 9. h3 Be6 10. Re1 Bxc4 11. Nxc4 Re8 12. Qb3 Qd7 13. Be3 Bxe3 14. Nxe3 Ne7 15. Rad1 Ng6 16. Kh2 b6 17. Nf5 Qc6 18. g3 Rad8 19. Kg2 Qb7 20. Nh2 d5 21. Ng4 Nxg4 22. hxg4 dxe4 23. dxe4 Rxd1 24. Qxd1 Qc6 25. Re2 Nf8 26. f3 Ne6 27. Rd2 Nc5 28. b3 Kh7 29. Rd5 g6 30. Ne3 Qe6 31. Nc4 f6 32. Nxa5 Nxe4 33. fxe4 bxa5 34. Rxa5 Rb8 35. Rd5 c6 36. Rd7+ Kh8 37. b4 c5 38. b5 c4 39. Qd6 Qxd6 40. Rxd6 Kg7 41. b6 Ra8 42. b7 Rb8 43. Rd7+ 1-0


[Site "https://www.chess.com"]